AoeStats
← MedaY

Black Forest

509445082Analyzed
3v3 RM · 7d ago on Sep 26, 2026· 48m 9s· 6 players
Game mode
Random Map
Map size
Normal (6 player)
Population
200
Speed
Normal
Resources
Standard
Victory
Conquest
Starting age
Dark Age
Ending age
Imperial Age
RankedLock teamsTeams togetherTeam positionsShared explorationLock speedFull tech treeHidden civsTurbo modeCheats
Victory
Defeat
🇷🇸 Huns · Serbia
688
+13
🇩🇪 Bohemians · Germany
687
+13
🇦🇹 Koreans · Austria
518
+20
🇬🇧 Huns · United Kingdom
641
-16
🇪🇸 Franks · Spain
601
-15
600
-15
愛 (Touhou Project's Version)
0:31 Loom
15:05 Feudal Age
16:13 Gold Mining
17:19 Horse Collar
17:27 Double-Bit Axe
20:33 Stone Mining
22:44 Fishing Lines
27:27 Castle Age
28:08 Wheelbarrow
28:12 Arson
30:13 Gillnets
30:35 Bow Saw
32:03 Caravan
34:39 Imperial Age
32:34 Heavy Plow
34:39 Hand Cart
34:49 Squires
34:35 Gambesons
37:00 Fervor
37:08 Forging
36:59 Scale Mail Armor
37:04 Scale Barding Armor
38:47 Town Watch
39:57 Stone Shaft Mining
39:35 Bloodlines
40:03 Iron Casting
39:43 Chain Mail Armor
39:49 Chain Barding Armor
40:14 Capped Ram
40:26 Cavalier
40:40 Elite Teutonic Knight
41:27 Town Patrol
42:30 Blast Furnace
42:05 Crop Rotation
42:42 Two-Man Saw
41:47 Paladin
44:24 Plate Mail Armor
44:49 Crenellations
45:20 Crenellations
MedaY
3:28 Loom
11:58 Feudal Age
14:27 Double-Bit Axe
19:27 Castle Age
17:25 Horse Collar
25:20 Heavy Plow
25:35 Bow Saw
30:14 Imperial Age
28:16 Stone Mining
28:58 Gold Mining
29:53 Wheelbarrow
30:28 Marauders
33:10 Husbandry
33:46 Bloodlines
34:58 Conscription
35:30 Hand Cart
36:41 Scale Barding Armor
36:37 Town Watch
37:06 Forging
39:39 Iron Casting
38:40 Light Cavalry
42:26 Blast Furnace
42:54 Chain Barding Armor
42:47 Hussar
46:06 Cavalier
48:02 Plate Barding Armor
Leifnas
17:55 Loom
21:38 Feudal Age
22:47 Double-Bit Axe
23:06 Gold Mining
24:42 Wheelbarrow
23:51 Man-at-Arms
26:42 Town Watch
32:13 Castle Age
30:24 Padded Archer Armor
30:14 Fletching
30:35 Forging
30:25 Scale Mail Armor
30:31 Scale Barding Armor
38:19 Imperial Age
36:23 Bow Saw
36:48 Leather Archer Armor
36:28 Bodkin Arrow
37:09 Iron Casting
35:57 Long Swordsman
37:25 Gold Shaft Mining
36:38 Light Cavalry
37:20 Husbandry
37:13 Gambesons
37:28 Squires
37:51 Stone Mining
38:22 Hand Cart
38:30 Hand Cart
38:16 Town Patrol
38:28 Cranequins
40:41 Caravan
jojohe232
0:41 Loom
1:03 Loom
14:20 Feudal Age
20:21 Castle Age
18:06 Horse Collar
22:15 Double-Bit Axe
22:37 Heavy Plow
24:12 Stone Mining
24:13 Gold Mining
26:41 Bow Saw
26:59 Caravan
27:19 Forging
27:09 Scale Mail Armor
27:15 Scale Barding Armor
29:27 Wheelbarrow
31:15 Hand Cart
35:21 Ballistics
34:52 Heated Shot
34:58 Murder Holes
35:23 Fletching
36:09 Iron Casting
35:50 Chain Mail Armor
38:35 Imperial Age
36:15 Bodkin Arrow
36:41 Chain Barding Armor
35:48 Pikeman
36:28 Squires
40:23 Chemistry
39:29 Siege Engineers
39:28 Bracer
39:59 Plate Mail Armor
39:16 Halberdier
39:19 Elite Fire Lancer
39:24 Heavy Rocket Cart
Душан Силни
0:35 Loom
13:42 Feudal Age
15:37 Horse Collar
15:49 Double-Bit Axe
18:03 Gold Mining
18:04 Stone Mining
24:52 Castle Age
23:25 Forging
23:21 Scale Barding Armor
23:18 Scale Mail Armor
28:03 Heavy Plow
29:30 Wheelbarrow
28:41 Town Watch
35:04 Imperial Age
34:16 Iron Casting
34:02 Chain Barding Armor
33:58 Chain Mail Armor
33:44 Padded Archer Armor
33:57 Town Patrol
34:12 Hand Cart
34:31 Masonry
34:17 Murder Holes
35:33 Caravan
36:04 Coinage
36:18 Gold Shaft Mining
36:07 Bow Saw
38:32 Two-Man Saw
38:12 Conscription
38:55 Cavalier
39:36 Husbandry
39:46 Bloodlines
38:57 Light Cavalry
39:53 Guilds
40:13 Banking
40:33 Plate Barding Armor
40:59 Blast Furnace
40:15 Leather Archer Armor
41:03 Chemistry
41:35 Conscription
Andrew2405
16:35 Feudal Age
18:09 Wheelbarrow
17:21 Town Watch
17:52 Fishing Lines
18:01 Horse Collar
18:10 Double-Bit Axe
24:25 Castle Age
25:36 Hand Cart
25:21 Town Patrol
26:10 Bow Saw
27:57 Caravan
28:58 Heavy Plow
30:27 Chemistry
34:40 Imperial Age
32:30 Gillnets
34:30 Coinage
35:04 Houfnice
36:51 Banking
36:54 Guilds
37:59 Two-Man Saw
37:12 Padded Archer Armor
37:13 Scale Mail Armor
37:24 Forging
37:04 Fletching
37:37 Ballistics
37:45 Conscription
48:28 Wagenburg Tactics
47:55 Sappers
48:31 Hussite Reforms
48:58 Masonry
48:59 Fortified Wall
Connection lost

Rejoining the realm…

Still unreachable

The connection could not be restored.

Session expired

The server has moved on; the page needs a fresh start.